 Dungeon Crawl Stone Soup version 0.28-a0-616-gdeb3d7f7b4 (webtiles) character file.

Game seed: 8194625422886058372

51 Conn the Firebug (level 3, 0/21 HPs)
             Began as an Octopode Fire Elementalist on Oct 6, 2021.
             Slain by Robin (1 damage)
             ... on level 2 of the Dungeon.
             The game lasted 00:03:21 (1619 turns).

Conn the Firebug (Octopode Fire Elementalist)       Turns: 1619, Time: 00:03:23

Health: 0/21       AC:  1    Str:  7    XL:     3   Next: 81%
Magic:  6/6        EV: 13    Int: 18    God:
Gold:   30         SH:  0    Dex: 12    Spells: 2/6 levels left

rFire   . . .      SeeInvis .   h - +1 dagger (elec)
rCold   . . .      Faith    .   (no shield)
rNeg    . . .      Spirit   .   (helmet restricted)
rPois   .          Reflect  .   (no amulet)
rElec   .          Harm     .   g - ring of wizardry
rCorr   .          Rampage  .   (no ring)
Will    .....                   (no ring)
Stlth   +++.......              (no ring)
HPRegen 0.07/turn               (no ring)
MPRegen 0.10/turn               (no ring)
                                (no ring)
                                (no ring)

@: attractive
A: almost no armour, amphibious, 8 rings, camouflage 1, gelatinous body 1,
(nimble swimmer 1), tentacles
a: no special abilities


You were on level 2 of the Dungeon.
You visited 1 branch of the dungeon, and saw 2 of its levels.

You collected 30 gold pieces.

Inventory:

Hand Weapons
 e - a +0 dagger
 h - a +1 dagger of electrocution (weapon)
Missiles
 c - a throwing net
Jewellery
 d - a ring of ice
 g - a ring of wizardry (left tentacle)
Scrolls
 f - a scroll of enchant weapon {unknown}


   Skills:
 + Level 2.2 Dodging
 + Level 3.0 Stealth
 + Level 2.3 Spellcasting
 + Level 1.4 Conjurations
 + Level 3.9 Fire Magic


You had 2 spell levels left.
You knew the following spells:

 Your Spells              Type           Power      Damage    Failure   Level
a - Foxfire               Conj/Fire      44%        2x1d6     2%          1
b - Conjure Flame         Conj/Fire      11%        6-21      7%          3

Your spell library contained the following spells:

 Spells                   Type           Power      Damage    Failure   Level
 Scorch                   Fire           32%        2d6       2%          2
 Shock                    Conj/Air       16%        1d4       5%          1
 Inner Flame              Hex/Fire       9%         N/A       10%         3
 Swiftness                Air            2%         N/A       21%         3
 Flame Wave               Conj/Fire      11%        3d4       22%         4
 Airstrike                Air            1%         N/A       52%         4


Dungeon Overview and Level Annotations

Branches:
Dungeon (2/15)

Altars:

Shops:
D:2 [(

Annotations:
D:2 Robin


Innate Abilities, Weirdness & Mutations

You cannot wear most types of armour.
You are amphibious.
You can wear up to eight rings at the same time.
Your skin changes colour to match your surroundings (Stealth+).
Your rubbery body absorbs attacks. (AC +1, EV +1)
((You are camouflaged near water. (Stealth+)))
You have tentacles for arms and can constrict up to eight enemies at once.


Message History

The goblin is heavily wounded.
The goblin hits you but does no damage.
You hit the goblin. Lightning courses through the goblin!!
You kill the goblin!
Robin throws the goblin at you! The goblin misses you.
Unknown command.
You barely miss the goblin. You grab the goblin. You constrict the goblin.
Robin throws the goblin at you! The goblin hits you with a +0 dagger.
The goblin closely misses you.
Unknown command.
You completely miss the goblin. Your grab misses the goblin.
The goblin is heavily wounded.
You constrict the goblin.
The goblin hits you with a +0 dagger. x2
Unknown command.
It was a potion of magic.
Magic courses through your body.
You constrict the goblin. The goblin hits you with a +0 dagger.
* * * LOW HITPOINT WARNING * * *
Robin misses you. The goblin barely misses you.
Casting: Foxfire (safe; 2% risk of failure)
Confirm with . or Enter, or press ? or * to list all spells.
Okay, then.
Okay, then.
It was a potion of attraction.
You feel attractive to monsters.
You constrict the goblin. The goblin hits you with a +0 dagger.
* * * LOW HITPOINT WARNING * * *
Robin closely misses you. The goblin barely misses you.
You aren't carrying any potions.
Unknown command.
Unknown command.
Unknown command.
Okay, then.
You closely miss the goblin. You grab the goblin.
The goblin is heavily wounded.
You constrict the goblin. x2
You kill the goblin!
The goblin hits you with a +0 dagger.
* * * LOW HITPOINT WARNING * * *
Robin hits you with a +0 mace.
You die...

###############
#.....##......#
#.###.##.####.# ###
###.###.##.####.# ..#
##.>....g......#.# #.#
##.g#.#.#..#g##.#.#
#<###...#.#.#.g#@##.#.###
#.g..†).....#..#)g......#
#####...#.g....#.##.###)#
##..######.#.##.# #.#
#.... ..#.##§###)# ## #
#.#### ###.##..##.# .. .
#+# #.###.##.# .#.# #.#
#.##.# ##.#.# #.###.##.#
#....#


You could see Robin and a goblin (strong).

Vanquished Creatures
  8 endoplasms (D:1)
  3 giant cockroaches (D:1)
  9 goblins
  5 hobgoblins
  A quokka (D:1)
  6 ball pythons
  4 bats
  2 frilled lizards (D:1)
  3 kobolds (D:1)
  5 rats (D:1)
46 creatures vanquished.

Vanquished Creatures (others)
  107 foxfires
107 creatures vanquished.

Grand Total: 153 creatures vanquished

Notes
Turn   | Place    | Note
-------+----------+-------------------------------------------
     0 | D:1      | Conn the Octopode Fire Elementalist began the quest for the
                  | Orb.
     0 | D:1      | Reached XP level 1. HP: 11/11 MP: 3/3
   289 | D:1      | Reached XP level 2. HP: 17/17 MP: 0/5
   730 | D:1      | Reached XP level 3. HP: 19/21 MP: 0/6
   986 | D:1      | Learned a level 3 spell: Conjure Flame
  1153 | D:2      | Found Wedics's Armour Shoppe.
  1156 | D:2      | Found Qaov's Antique Weapon Shop.
  1160 | D:2      | Noticed Robin
  1619 | D:2      | HP: 1/21 [goblin[Robin] (3)]
  1619 | D:2      | Slain by Robin

Illustrated notes

Levels and vault maps discovered:
D:1:      co_arrival_two_rings, layout_basic, minmay_misc_feat_roman,
          st_stairs_13, grunt_decor_arrowhead
D:2:      layout_loops_corners, serial_shops, shop, nicolae_shop_trees,
          shop_fountains, shop, uniq_robin

Skill      XL: |  1  2  3 |
---------------+----------+-----
Stealth        | 3 |  3.0
Dodging        | |  2.2
Spellcasting   | |  2.3
Conjurations   | |  1.4
Fire Magic     | |  3.9

Action                   || total
-------------------------++-------
Melee: Unarmed           ||     6
       Dagger            ||    26
       Constrict         ||     8
       Tentacles         ||     5
 Cast: Foxfire           ||    58
       Conjure Flame     ||     1
  Use: Potion            ||     2
 Stab: Sleeping          ||     1
Armor: Skin              ||     4
Dodge: Dodged            ||    18

Table legend: (Time is in decaauts)
 A = Elapsed time spent in this place.
 B = Non-inter-level travel time spent in this place.
 C = Inter-level travel time spent in this place.
 D = Time resting spent in this place.
 E = Time spent auto-exploring this place.
 F = Levels seen in this place.
 G = Mean time per level.
                   A        B        C        D        E       F      G
               +--------+--------+--------+--------+--------+-----+--------+
         Total |   1618 |   1612 |      6 |    227 |    940 |   2 |  809.0 |
       Dungeon |   1618 |   1612 |      6 |    227 |    940 |   2 |  809.0 |
               +--------+--------+--------+--------+--------+-----+--------+

Top non-repeatable levels by time:
     D:1: 1368 daAuts
     D:2: 249 daAuts
